 Dungeon Crawl Stone Soup version 0.19-a0-713-g934ebc7 (webtiles) character file.

756 Ijustatesigmund the Conjurer (level 7, -8/39 HPs)
             Began as a Deep Elf Conjurer on June 20, 2016.
             Was a Follower of Vehumet.
             Mangled by a mummy (17 damage)
             ... on level 6 of the Dungeon.
             The game lasted 00:30:23 (6819 turns).

Ijustatesigmund the Conjurer (Deep Elf Conjurer)    Turns: 6819, Time: 00:30:23

Health: -8/39      AC:  4    Str: 10    XL:     7   Next: 50%
Magic:  6/13       EV:  8    Int: 20    God:    Vehumet [*.....]
Gold:   173        SH:  0    Dex: 17    Spells: 5 memorised, 3 levels left

rFire  . . .     SeeInvis .     h - +0 dagger (elec)
rCold  . . .     Gourm    .     e - +0 robe (curse)
rNeg   . . .     Faith    .     (no shield)
rPois  .         Spirit   .     (no helmet)
rElec  .         Dismiss  .     p - +0 cloak
rCorr  .         Reflect  .     r - +0 pair of gloves
SustAt .         Harm     .     (no boots)
MR     .....                    (no amulet)
Stlth  ++........               (no ring)
                                u - +5 ring of strength

@: drained, not resistant to hostile enchantments, unstealthy
A: no striking features
a: Renounce Religion


You were on level 6 of the Dungeon.
You worshipped Vehumet.
Vehumet was aware of your devotion.
You were not hungry.

You visited 1 branch of the dungeon, and saw 6 of its levels.
You also visited: Sewer.

You collected 173 gold pieces.

Inventory:

Hand Weapons
 h - a +0 dagger of electrocution (weapon)
Armour
 a - a +0 robe
 e - a cursed +0 robe (worn)
 p - a +0 cloak (worn)
 r - a +0 pair of gloves (worn)
 t - a troll hide {Purgy}
 v - a +0 buckler
Jewellery
 u - a +5 ring of strength (left hand)
Wands
 w - a wand of digging (17/24)
 y - a wand of acid (3/15)
Scrolls
 d - a scroll of blinking
 n - a scroll of remove curse
Potions
 f - 2 potions of heal wounds
 i - a potion of degeneration {unknown}
 m - a potion of magic {unknown}
 o - a potion of mutation {unknown}
 x - a potion of brilliance {unknown}
 A - a potion of resistance {unknown}
Books
 b - a book of Conjurations

   Spells                             Type                      Level
   a - Magic Dart                     Conjuration                  1
   b - Searing Ray                    Conjuration                  2
   c - Dazzling Spray                 Conjuration/Hexes            3
   d - Fulminant Prism                Conjuration/Hexes            4
   e - Iskenderun's Mystic Blast      Conjuration                  4
   f - Iskenderun's Battlesphere      Conjuration/Charms           5
 k - Jessica's Catalogue of the Compass
   (You found it on level 2 of the Dungeon)

   Spells                             Type                      Level
   a - Blink                          Translocation                2
 q - a book of Fire

   Spells                             Type                      Level
   a - Ignite Poison                  Fire/Transmutation/Poison    3
   b - Fireball                       Conjuration/Fire             5
   c - Bolt of Fire                   Conjuration/Fire             6
   d - Delayed Fireball               Conjuration/Fire             7
   e - Ring of Flames                 Charms/Fire                  7
Comestibles
 c - 3 bread rations
 g - a beef jerky
 l - 2 meat rations


   Skills:
 - Level 1.7(1.6) Fighting
 - Level 2.3(2.2) Short Blades
 - Level 2.4(2.3) Dodging
 - Level 2.4(2.3) Stealth
 - Level 3.0(2.9) Spellcasting
 + Level 6.6(6.5) Conjurations
 + Level 6.2(6.1) Hexes
 - Level 3.4(3.3) Translocations


You had 3 spell levels left.
You knew the following spells:

 Your Spells              Type           Power        Failure   Level  Hunger
a - Magic Dart            Conj           ####         1%          1    None
b - Searing Ray           Conj           ####..       1%          2    ##.....
c - Dazzling Spray        Conj/Hex       ####..       3%          3    ###....
d - Blink                 Tloc           N/A          6%          2    ##.....
e - Shock                 Conj/Air       ###.         4%          1    None


Dungeon Overview and Level Annotations

Branches:
Dungeon (6/15)             Temple (0/1) D:6

Altars:
Dithmenos
Fedhas
Makhleb
Nemelex Xobeh
Pakellas
Qazlal
Ru
Sif Muna
Vehumet
The Shining One

Portals:
Ossuary: D:6

Annotations:
D:4 Edmund


Message History

Found a fuming cyan potion.
The giant frog barely misses you. The giant frog closely misses you.
As you open the door, it creaks loudly!
A mummy comes into view.
The giant frog hits you! The giant frog barely misses you.
Found a sand-covered staircase.
You found an arrow trap!
The orc hits you with a short sword.
There is an open door here.
You feel much better. The giant frog hits you.
The orc hits you but does no damage.
You found an arrow trap!
The mummy hits you!
An arrow hits the giant frog!
The giant frog hits you. The mummy hits you.
There is a sand-covered staircase here.
The giant frog hits you.
* * * LOW HITPOINT WARNING * * *
An arrow hits the jackal!
The giant frog hits you.
* * * LOW HITPOINT WARNING * * *
The mummy hits you!
You die...

....?........#*****#.##
###.)........# ###?.#
#..##[##...z#####....#
*#.8.#.#####hh.h...#..#
#...$..# #####..##..#
#8.>.8## *#..###..#
#h.o..# *#..##.#.h#
##.8.## #..##h.#..#
***,** #.##@Mhho!#
,,,,* #.,##F^#..# *****
#*,,##.#..# **,,###..#
*,,,*#..# *,*,,#..#
*,,,,...# ***,,,..#
*******


You could see a giant frog, a mummy, an orc and 3 jackals.

Vanquished Creatures
  Sigmund (D:5)
  Purgy (Sewer)
  A wight (D:6)
  2 crimson imps
  A hound (D:6)
  An iguana (D:5)
  Jessica (D:2)
  A worker ant (D:4)
  Terence (D:3)
  An orc wizard (D:5)
  2 hound skeletons
  2 gnolls (D:5)
  5 adders
  2 shadow imps (D:5)
  2 worms
  3 dart slugs
  A giant gecko (D:1)
  16 orcs
  6 giant cockroaches
  7 goblins
  9 hobgoblins
  18 jackals
  9 kobolds
  2 quokkas
  3 ball pythons
  6 bats
  5 giant newts
  A jackal zombie (D:5)
  7 rats
117 creatures vanquished.

Vanquished Creatures (others)
  A giant gecko skeleton (D:4)
1 creature vanquished.

Grand Total: 118 creatures vanquished

Notes
Turn   | Place    | Note
--------------------------------------------------------------
     0 | D:1      | Ijustatesigmund the Deep Elf Conjurer began the quest for the Orb.
     0 | D:1      | Reached XP level 1. HP: 10/10 MP: 6/6
   127 | D:1      | Reached XP level 2. HP: 16/16 MP: 2/8
   458 | D:1      | Reached skill level 1 in Fighting
   696 | D:1      | Reached skill level 5 in Conjurations
   907 | D:1      | Learned a level 2 spell: Searing Ray
  1135 | D:2      | Reached XP level 3. HP: 20/20 MP: 6/9
  1180 | D:2      | Noticed Jessica
  1194 | D:2      | Killed Jessica
  1357 | D:2      | Learned a level 3 spell: Dazzling Spray
  1366 | D:2      | Identified Jessica's Catalogue of the Compass
  1370 | D:2      | Learned a level 2 spell: Blink
  1890 | D:2      | Reached skill level 1 in Hexes
  1890 | D:2      | Reached XP level 4. HP: 26/26 MP: 4/10
  2260 | D:2      | Found a deep blue altar of Sif Muna.
  2582 | D:3      | Found a blossoming altar of Fedhas.
  2614 | D:3      | Reached skill level 1 in Translocations
  2618 | D:3      | Found an oddly glowing altar of Pakellas.
  2631 | D:3      | Found a glowing golden altar of the Shining One.
  2700 | D:3      | Noticed Terence
  2756 | D:3      | Killed Terence
  2943 | D:3      | Found a stormy altar of Qazlal.
  3032 | D:3      | Reached XP level 5. HP: 29/30 MP: 3/11
  3636 | D:4      | Found a radiant altar of Vehumet.
  3655 | D:4      | Became a worshipper of Vehumet
  3903 | D:4      | Reached skill level 1 in Short Blades
  4232 | D:4      | Noticed Edmund
  4272 | D:5      | Entered Level 5 of the Dungeon
  4507 | D:5      | Reached XP level 6. HP: 29/35 MP: 1/12
  4580 | D:5      | Found a glowing drain.
  4587 | Sewer    | Entered a sewer
  4616 | Sewer    | Reached * piety under Vehumet
  4616 | Sewer    | Offered knowledge of Shock by Vehumet.
  4639 | Sewer    | Noticed Purgy
  4968 | Sewer    | Learned a level 1 spell: Shock
  5088 | Sewer    | Killed Purgy
  5664 | D:5      | Found a sacrificial altar of Ru.
  6031 | D:5      | Found a sparkling altar of Nemelex Xobeh.
  6100 | D:5      | Found a shadowy altar of Dithmenos.
  6178 | D:5      | Noticed Sigmund
  6199 | D:5      | Killed Sigmund
  6199 | D:5      | Reached skill level 5 in Hexes
  6199 | D:5      | Reached XP level 7. HP: 16/39 MP: 6/13
  6740 | D:6      | Found a burning altar of Makhleb.
  6787 | D:6      | Found a staircase to the Ecumenical Temple.
  6813 | D:6      | Found a sand-covered staircase.
  6819 | D:6      | Mangled by a mummy

Vault maps used:
D:1:      ncdulo_halloftheorcs, minivault_27, minmay_bisected
D:2:      lemuel_blue_sif_altar, kennysheep_jessica_study
D:3:      grunt_pakellas_salt, fedhas_altar_2, lemuel_round_altar,
          nicolae_qazlal_general_emergency, first_bread, uniq_terence
D:4:      vehumet_crystals, lexackson_kobold_supper, uniq_edmund
D:5:      lemuel_round_altar, nicolae_dithmenos_through_a_glass_darkly,
          lemuel_doored_altar, portal_sewer_entry_b, uniq_sigmund
D:6:      regret_index_temple_of_mockery, lemuel_crystal_altar,
          grunt_temple_overflow_diamond, minmay_temple_entry_statues_pillars,
          gup_ossuary_entry_pyramid
Sewer:    kennysheep_door_sewer

Skill      XL: |  1  2  3  4  5  6  7 |
---------------+----------------------+-----
Fighting       | 1 |  1.7
Conjurations   | 5 6 |  6.6
Hexes          | 1 2 3 5 6 |  6.2
Translocations | 1 2 3 |  3.4
Short Blades   | 1 2 |  2.3
Dodging        | |  2.4
Stealth        | |  2.4
Spellcasting   | |  3.0

Action                   |  1- 3 |  4- 6 |  7- 9 || total
-------------------------+-------+-------+-------++-------
Melee: Dagger            |     4 |    28 |     6 ||    38
 Cast: Magic Dart        |    63 |   195 |    23 ||   281
       Searing Ray       |     1 |     6 |     1 ||     8
       Dazzling Spray    |       |    10 |     7 ||    17
       Blink             |       |     1 |       ||     1
       Shock             |       |    24 |       ||    24
Evoke: Wand              |       |     3 |       ||     3
  Use: Scroll            |     5 |     9 |     2 ||    16
       Potion            |       |     3 |     2 ||     5
 Stab: Sleeping          |       |     3 |     1 ||     4
       Invisible         |       |     1 |       ||     1
  Eat: Chunk             |     1 |    12 |       ||    13
       Pizza             |     1 |     1 |       ||     2
       Fruit             |       |     2 |     3 ||     5
Armor: Robe              |     7 |     9 |    10 ||    26
Dodge: Dodged            |    11 |    63 |    39 ||   113
